 Dungeon Sprint DCSS version 0.30-a0-305-g026cb31310 (webtiles) character file.

Game seed: 12836234991870433894

38332 mhtbhm the Warrior (level 13, -6/214 HPs)
             Began as an Armataur Berserker on Oct 23, 2022.
             Was the Champion of Trog.
             Mangled by a fire giant
             ... wielding a +0 great sword of flaming
              (18 damage)
             ... in the Dungeon (Sprint I: "Red Sonja").
             The game lasted 00:08:41 (3172 turns).

mhtbhm the Warrior (Armataur Berserker)             Turns: 3172, Time: 00:08:42

Health: -6/214     AC: 10    Str: 27    XL:     13   Next: 63%
Magic:  4/4        EV: 15    Int:  7    God:    Trog [******]
Gold:   1600       SH:  0    Dex: 18    Spells: 12/12 levels left

rFire   + . .      SeeInvis .    a - +11 morningstar of Mogizxue {antimagic, *Rage Fly rElec Dex+7}
rCold   . . .      Faith    .    (no shield)
rNeg    . . .      Spirit   .    b - +3 leather armour {rF+}
rPois   .          Reflect  .    (no helmet)
rElec   +          Harm     .    (no cloak)
rCorr   .          Roll     +    m - +0 pair of gloves
Will    .....      Rage     20%  (no barding)
Stlth   .......... NoTele   +    (no amulet)
HPRegen 0.55/turn                s - ring of flight
MPRegen 0.09/turn                (no ring)

@: berserking, flying, very quick
A: large, rugged brown scales 3, deformed body, armoured tail, roll, long
tongue, awkward tongue
a: Renounce Religion, Berserk, Trog's Hand, Brothers in Arms


You were in the Dungeon.
You worshipped Trog.
Trog was exalted by your worship.
You visited 1 branch You collected 3208 gold pieces.
You spent 1608 gold pieces at shops.

Inventory:

Hand Weapons
 a - the +11 morningstar of Mogizxue (weapon) {antimagic, *Rage Fly rElec Dex+7}
   (Trog gifted it to you in the Dungeon)

   It reduces the magical energy of the wielder, and disrupts the spells and
   magical abilities of those it strikes.
   Natural abilities and divine invocations are not affected.
   Dex:       It affects your dexterity (+7).
   rElec:     It insulates you from electricity.
   Fly:       It grants you flight.
   *Rage:     It berserks you when you make melee attacks (+20% chance).
 j - the +3 woodcutter's axe {vorpal}
   (You found it in the Dungeon)

   It inflicts extra damage upon your enemies.
 n - a +4 great mace of flaming
Missiles
 k - 3 curare-tipped darts (quivered)
Armour
 b - a +3 leather armour of fire resistance (worn)
 m - a +0 pair of gloves (worn)
Jewellery
 s - a ring of flight (left hand)
Wands
 i - a wand of paralysis (5)
Scrolls
 h - 6 scrolls of blinking
 l - a scroll of enchant armour
 o - a scroll of poison
 r - a scroll of enchant weapon
 u - a scroll of butterflies
Potions
 c - 5 potions of curing
 d - 6 potions of heal wounds
 e - a potion of haste
 f - 2 potions of magic
 g - a potion of berserk rage
 p - a potion of degeneration
 v - a potion of might
 w - a potion of resistance
 x - 2 potions of mutation
Miscellaneous
 t - a box of beasts


   Skills:
 + Level 18.2 Fighting
 - Level 4.6(10.9) Axes
 + Level 16.4(16.7) Maces & Flails
 + Level 12.8 Armour
 + Level 10.0 Dodging
 - Level 4.1 Stealth
 + Level 1.6 Evocations


You had 12 spell levels left.
You didn't know any spells.
Your spell library was empty.

Dungeon Overview and Level Annotations

Branches:
Dungeon (1/1)

Altars:
Cheibriados
Dithmenos
Elyvilon
Fedhas
Gozag
Hepliaklqana
Kikubaaqudgha
Makhleb
Nemelex Xobeh
Okawaru
Qazlal
Ru
Sif Muna
Trog
Uskayaw
Vehumet
Wu Jian
Xom
Yredelemnul
Zin
The Shining One
Jiyva
Lugonu

Shops:
D ?!([=(((([:(??[[*!


Innate Abilities, Weirdness & Mutations

You are completely covered in rugged brown scales. (AC +3, +7% HP)
Armour fits poorly on your strangely shaped body.
You have a long armoured tail.
You roll when moving toward enemies. (Rampage)
Your long tongue fully drains potion bottles. (2x potion effects)
Your tongue gives you trouble enunciating. (1.5x scroll delay)


Message History

You barely miss the fire giant. You tail-slap the fire giant.
The fire giant is moderately wounded.
You sock the fire giant!
The fire giant's magic leaks into the air.
The fire giant is heavily wounded.
The fire giant misses you.
The fire giant hits you with a +0 great sword of flaming!!
* * * LOW HITPOINT WARNING * * *
The fire giant burns you.
* * * LOW HITPOINT WARNING * * *
You hit the fire giant.
The fire giant's magic leaks into the air.
The fire giant is heavily wounded.
You skewer the fire giant like a kebab!!!
The fire giant's magic leaks into the air.
The fire giant is almost dead.
The fire giant misses you.
The fire giant hits you with a +0 great sword of flaming!
* * * LOW HITPOINT WARNING * * *
The fire giant burns you.
* * * LOW HITPOINT WARNING * * *
You bludgeon the fire giant!!
You kill the fire giant!
Trog accepts your kill.
Trog appreciates your killing of a magic user.
Your Dodging skill increases to level 10!
You completely miss the fire giant. You tail-slap the fire giant!
The fire giant is lightly wounded.
The fire giant gestures at you while chanting.
The bolt of fire hits you! You resist.
* * * LOW HITPOINT WARNING * * *
You bludgeon the fire giant!!
The fire giant's magic leaks into the air.
You punch the fire giant.
The fire giant is heavily wounded.
You hit the fire giant.
The fire giant's magic leaks into the air.
The fire giant is severely wounded.
The fire giant hits you with a +0 great sword of flaming!!
You die...

#'###.###.#.○## #..#+###
#. ....'.∩##.#..# ##...#
##. #########§# ###.# #..
.......##§# #.# #..
...)....).# #.# ##.
+..######.# ####'# #.
.......§#.## ###....# ##
.......#§.#?)?#####...####
# ......~####)...C@...###
.....~~# =[$...)#####
...~~~## $!....# ~~~~###
!....# ####'###


$$$$$ #####∩∩# #### ∩∩∩∩∩∩## ≈≈≈ ####### ### You could see a fire giant (magic
disrupted).

Vanquished Creatures
  A golden dragon (D)
  3 fire giants (D)
  A hydra (D)
  2 centaur warriors (D)
  Sonja (D)
  A deep troll (D)
  A lindwurm (D)
  An oklob plant (D)
  A gargoyle (D)
  7 unseen horrors (D)
  4 demonic crawlers (D)
  2 kobold demonologists (D)
  A hornet (D)
  A slime creature (D)
  Sigmund (D)
  A yak (D)
  13 hogs (D)
  2 redbacks (D)
  3 floating eyes (D)
  An ogre (D)
  7 necrophages (D)
  8 jellies (D)
  Ijyb (D)
  A ballistomycete spore (D)
65 creatures vanquished.

Vanquished Creatures (others)
  A shadow dragon (D)
  A ballistomycete spore (D)
2 creatures vanquished.

Grand Total: 67 creatures vanquished

Notes
Turn   | Place    | Note
-------+----------+-------------------------------------------
     0 | D        | mhtbhm the Armataur Berserker began the quest for the Orb.
     0 | D        | Reached XP level 1. HP: 19/19 MP: 1/1
     2 | D        | Noticed Ijyb
     6 | D        | Paralysed by Ijyb for 2 turns
    10 | D        | Killed Ijyb
    11 | D        | Reached skill level 4 in Fighting
    11 | D        | Reached XP level 2. HP: 27/28 MP: 2/2
    64 | D        | Noticed an ogre
    68 | D        | Killed an ogre
    69 | D        | Reached skill level 5 in Fighting
    69 | D        | Reached skill level 5 in Maces & Flails
    69 | D        | Reached XP level 3. HP: 39/39 MP: 3/3
    69 | D        | Reached XP level 4. HP: 47/47 MP: 4/4
   114 | D        | Noticed Sigmund
   118 | D        | Killed Sigmund
   118 | D        | Reached ** piety under Trog
   119 | D        | Reached skill level 7 in Fighting
   119 | D        | Reached skill level 5 in Armour
   119 | D        | Reached XP level 5. HP: 55/55 MP: 5/5
   179 | D        | Found an ornate altar of the Wu Jian Council.
   179 | D        | Found a shimmering blue altar of Sif Muna.
   179 | D        | Found the +3 woodcutter's axe {vorpal}
   181 | D        | Found a radiant altar of Vehumet.
   185 | D        | Reached XP level 6. HP: 49/65 MP: 6/6
   222 | D        | Found Juniopung's Distillery.
   222 | D        | Found an ancient bone altar of Kikubaaqudgha.
   222 | D        | Found a hazy altar of Hepliaklqana.
   222 | D        | Found a stormy altar of Qazlal.
   222 | D        | Found a hide-covered altar of Uskayaw.
   222 | D        | Found a blossoming altar of Fedhas.
   222 | D        | Found a bloodstained altar of Trog.
   222 | D        | Found an iron altar of Okawaru.
   222 | D        | Found a basalt altar of Yredelemnul.
   222 | D        | Found a glowing golden altar of the Shining One.
   222 | D        | Found a snail-covered altar of Cheibriados.
   222 | D        | Found a sacrificial altar of Ru.
   222 | D        | Found a glowing silver altar of Zin.
   222 | D        | Found a shadowy altar of Dithmenos.
   222 | D        | Found a white marble altar of Elyvilon.
   222 | D        | Noticed a yak
   227 | D        | Killed a yak
   228 | D        | Reached skill level 8 in Fighting
   228 | D        | Found an opulent altar of Gozag.
   229 | D        | Found a sparkling altar of Nemelex Xobeh.
   325 | D        | Noticed Sonja
   328 | D        | Killed Sonja
   328 | D        | Reached *** piety under Trog
   329 | D        | Reached skill level 10 in Fighting
   329 | D        | Reached skill level 10 in Maces & Flails
   329 | D        | Reached XP level 7. HP: 77/77 MP: 7/7
   348 | D        | Found Vorein's Magic Scroll Boutique.
   356 | D        | Bought a scroll of blinking for 75 gold pieces
   356 | D        | Bought 3 scrolls of blinking for 225 gold pieces
   441 | D        | Noticed a deep troll
   451 | D        | Killed a deep troll
   452 | D        | Reached skill level 11 in Fighting
   452 | D        | Reached skill level 5 in Dodging
   452 | D        | Reached XP level 8. HP: 38/87 MP: 8/8
   462 | D        | Found Coveashinaff's Armour Emporium.
   480 | D        | Bought a +3 leather armour of fire resistance for 312 gold
                  | pieces
   662 | D        | Found a burning altar of Makhleb.
   662 | D        | Found a viscous altar of Jiyva.
   662 | D        | Found a shimmering altar of Xom.
   662 | D        | Found a corrupted altar of Lugonu.
   662 | D        | Noticed a slime creature
   667 | D        | Killed a slime creature
   771 | D        | Noticed a kobold demonologist
   773 | D        | Noticed a kobold demonologist
   775 | D        | Noticed an orange demon
   777 | D        | Killed a kobold demonologist
   777 | D        | Reached **** piety under Trog
   778 | D        | Reached skill level 1 in Axes
   778 | D        | Reached XP level 9. HP: 96/96 MP: 9/9
   778 | D        | Killed a kobold demonologist
   779 | D        | Reached skill level 12 in Fighting
   838 | D        | Noticed a centaur warrior
   839 | D        | Noticed a centaur warrior
   843 | D        | Killed a centaur warrior
   843 | D        | Killed a centaur warrior
   843 | D        | Reached ***** piety under Trog
   844 | D        | Reached skill level 13 in Fighting
   844 | D        | Reached skill level 10 in Armour
   844 | D        | Reached skill level 1 in Evocations
   852 | D        | Noticed an oklob plant
   857 | D        | Killed an oklob plant
   858 | D        | Reached XP level 10. HP: 71/109 MP: 10/10
   966 | D        | Reached skill level 14 in Fighting
  1066 | D        | Received a gift from Trog
  1137 | D        | Received a gift from Trog
  1137 | D        | Reached ****** piety under Trog
  1411 | D        | Identified the +11 morningstar of Mogizxue {antimagic,
                  | *Rage Fly rElec Dex+7} (Trog gifted it to you in the
                  | Dungeon)
  1411 | D        | Received a gift from Trog
  1438 | D        | Found Leymm's Armour Shoppe.
  1438 | D        | Found Luh Por's Weapon Shop.
  1438 | D        | Found Riuv's Jewellery Boutique.
  1440 | D        | Found Haybbuu's Weapon Emporium.
  1440 | D        | Found Naizimm's Antique Weapon Shop.
  1440 | D        | Found Bedghuxku's Antique Weapon Shoppe.
  1440 | D        | Found Anoffuiwn's Antique Weapon Boutique.
  1440 | D        | Found Woimma's Antique Armour Emporium.
  1440 | D        | Found Pyvemm's Book Shop.
  1440 | D        | Found Enaluody's Antique Weapon Shoppe.
  1444 | D        | Found Losoakhlui's Magic Scroll Boutique.
  1445 | D        | Found Rimuluug's Antique Armour Emporium.
  1445 | D        | Found Set Lompuu's Magic Scroll Boutique.
  1446 | D        | Found Zodwueci's Assorted Antiques.
  1454 | D        | Bought a scroll of blinking for 82 gold pieces
  1457 | D        | Bought a potion of heal wounds for 100 gold pieces
  1526 | D        | Reached skill level 15 in Fighting
  1534 | D        | Noticed a gargoyle
  1538 | D        | Killed a gargoyle
  1587 | D        | Noticed a lindwurm
  1592 | D        | Killed a lindwurm
  1592 | D        | Received a gift from Trog
  1691 | D        | Reached skill level 16 in Fighting
  1693 | D        | Reached XP level 11. HP: 121/121 MP: 3/11
  1701 | D        | Received a gift from Trog
  1757 | D        | Noticed a 12-headed hydra
  1760 | D        | Killed a 12-headed hydra
  1861 | D        | Noticed a shadow dragon
  1861 | D        | Noticed a golden dragon
  2170 | D        | Bought a scroll labelled GUSTIZ RITOECU for 20 gold pieces
  2170 | D        | Bought a scroll labelled GUSTIZ RITOECU for 20 gold pieces
  2170 | D        | Bought a scroll labelled AWNAONYATH for 20 gold pieces
  2172 | D        | Reached XP level 12. HP: 126/126 MP: 4/12
  2172 | D        | Reached XP level 13. HP: 133/133 MP: 4/13
  2176 | D        | Bought a scroll of enchant armour for 82 gold pieces
  2283 | D        | Noticed a daeva
  2305 | D        | Reached skill level 17 in Fighting
  2309 | D        | Received a gift from Trog
  2823 | D        | Killed a shadow dragon
  2880 | D        | Killed a golden dragon
  2881 | D        | Reached skill level 15 in Maces & Flails
  2966 | D        | Found Mocixoc's Distillery.
  2989 | D        | Bought a potion of heal wounds for 70 gold pieces
  2989 | D        | Bought a potion of heal wounds for 70 gold pieces
  2989 | D        | Bought a potion of heal wounds for 70 gold pieces
  2989 | D        | Bought a potion of curing for 42 gold pieces
  2989 | D        | Bought a potion of might for 56 gold pieces
  2989 | D        | Bought a potion of resistance for 140 gold pieces
  2989 | D        | Bought a potion of mutation for 112 gold pieces
  2989 | D        | Bought a potion of mutation for 112 gold pieces
  3147 | D        | Noticed a fire giant
  3150 | D        | Noticed a fire giant
  3150 | D        | Noticed a fire giant
  3152 | D        | Noticed a fire giant
  3157 | D        | Killed a fire giant
  3162 | D        | Killed a fire giant
  3162 | D        | Received a gift from Trog
  3163 | D        | Reached skill level 18 in Fighting
  3169 | D        | Killed a fire giant
  3170 | D        | Reached skill level 10 in Dodging
  3172 | D        | Mangled by a fire giant

Illustrated notes

Levels and vault maps discovered:
D:        dungeon_sprint_1 [red_sonja_temple_1, red_sonja_temple_small_1]

Skill      XL: |  1  2  3  4  5  6  7  8  9 10 11 12 13 |
---------------+----------------------------------------+-----
Fighting       | 4 5 7 10 11 13 16 18 | 18.2
Maces & Flails | 4 5 7 10 11 12 14 16 | 16.4
Armour         | 3 5 7 8 9 10 11 12 | 12.8
Dodging        | 2 3 4 5 6 8 9 10 | 10.0
Stealth        | 2 3 4 |  4.1
Axes           | 1 3 4 |  4.6
Evocations     | 1 |  1.6

Action                   |  1- 3 |  4- 6 |  7- 9 | 10-12 | 13-15 || total
-------------------------+-------+-------+-------+-------+-------++-------
Melee: Mace              |     8 |     5 |       |       |       ||    13
       Tailslap          |     1 |     2 |     4 |    11 |    11 ||    29
       Battleaxe         |       |     7 |    30 |    34 |       ||    71
       Morningstar       |       |       |       |    49 |    59 ||   108
       Great mace        |       |       |       |     9 |       ||     9
       Punch             |       |       |       |       |     3 ||     3
Invok: Berserk           |     2 |     1 |     3 |     5 |     2 ||    13
Evoke: Wand              |       |     1 |       |       |       ||     1
  Use: Scroll            |       |       |     1 |     2 |     3 ||     6
       Potion            |       |       |       |     2 |       ||     2
 Stab: Paralysed         |       |     2 |       |       |       ||     2
Armor: Animal skin       |     1 |       |       |       |       ||     1
       Ring mail         |       |     1 |     4 |       |       ||     5
       Leather armour    |       |       |    17 |    37 |    18 ||    72
Dodge: Dodged            |     2 |     3 |    17 |    39 |    21 ||    82

Table legend: (Time is in decaauts)
 A = Elapsed time spent in this place.
 B = Non-inter-level travel time spent in this place.
 C = Inter-level travel time spent in this place.
 D = Time resting spent in this place.
 E = Time spent auto-exploring this place.
 F = Levels seen in this place.
 G = Mean time per level.
                   A        B        C        D        E       F      G
               +--------+--------+--------+--------+--------+-----+--------+
         Total |   3273 |   3220 |     53 |   1842 |      0 |   1 | 3273.0 |
       Dungeon |   3273 |   3220 |     53 |   1842 |      0 |   1 | 3273.0 |
               +--------+--------+--------+--------+--------+-----+--------+

Top non-repeatable levels by time:
       D: 3273 daAuts
